 Dungeon Crawl Stone Soup version 0.32-a0-520-g344ed53f66 (webtiles) character file.

Game seed: 3181913318870862424

928 zenocrate the Cleaver (level 7, -7/85 HPs)
             Began as a Minotaur Gladiator on Feb 27, 2024.
             Was a Priest of Okawaru.
             Mangled by an orc warrior
             ... wielding a +0 battleaxe
              (9 damage)
             ... on level 6 of the Dungeon.
             The game lasted 00:04:47 (4167 turns).

zenocrate the Cleaver (Minotaur Gladiator)          Turns: 4167, Time: 00:04:48

Health: -7/85      AC: 23    Str: 27    XL:     7   Next: 85%
Magic:  6/8        EV:  2    Int:  5    God:    Okawaru [***...]
Gold:   181        SH:  0    Dex: 11    Spells: 6/6 levels left

rFire   . . .        a - +0 war axe
rCold   . . .        (no shield)
rNeg    . . .        j - melded +0 ring mail
rPois   +            c - melded +0 hat
rElec   .            (cloak currently unavailable)
rCorr   .            (gloves currently unavailable)
SInv    .            (boots currently unavailable)
Will    .....        s - amulet of faith
Stlth   +++          o - +6 ring of strength
HPRegen 0.34/turn    (no ring)
MPRegen 0.11/turn

%: faith
@: tree-form, heroic
A: stationary, stasis, torment immunity, boosted hp, (horns 2), (retaliatory
headbutt)
a: Renounce Religion, Heroism


You were on level 6 of the Dungeon.
You worshipped Okawaru.
Okawaru was most pleased with you.
You were a tree.
You visited 1 branch of the dungeon, and saw 6 of its levels.

You collected 181 gold pieces.

Inventory:

Hand Weapons
 a - a +0 war axe (weapon)
Missiles
 d - 3 throwing nets
 e - a javelin
 g - 5 atropa-tipped darts (quivered)
 u - a curare-tipped dart
 A - 6 poisoned darts
Armour
 c - a +0 hat (melded)
 j - a +0 ring mail (melded)
Jewellery
 o - a +6 ring of strength (left branch)
 s - an amulet of faith (around neck)
Wands
 y - a wand of iceblast (12)
 B - a wand of flame (13)
Scrolls
 b - a scroll of silence
 h - 2 scrolls of amnesia
 k - 2 scrolls of immolation {unknown}
 l - a scroll of enchant weapon {unknown}
 m - a scroll of teleportation {unknown}
 n - a scroll of vulnerability {unknown}
 p - a scroll of fog {unknown}
 v - a scroll of acquirement {unknown}
 w - a scroll of brand weapon {unknown}
Potions
 i - 2 potions of might
 r - a potion of attraction {unknown}
 t - a potion of mutation {unknown}
 x - 2 potions of magic {unknown}
 z - a potion of enlightenment {unknown}


   Skills:
 - Level 3.4(8.4) Fighting
 + Level 9.2(14.2) Axes
 - Level 3.9(8.9) Throwing
 - Level 3.2(8.2) Dodging
 + Level 1.3(6.3) Stealth
 - Level 3.0 Invocations


You had 6 spell levels left.
You didn't know any spells.
Your spell library contained the following spells:

 Spells                   Type           Power      Damage    Failure   Level
 Static Discharge         Conj/Air       0%         3-3/arc   63%         2
 Airstrike                Air            0%         2d(0-16)  99%         4
 Summon Lightning Spire   Summ/Air       Unusable   N/A       N/A         4

Dungeon Overview and Level Annotations

Branches:
Dungeon (6/15)
 Temple: D:4-7

Altars:
Kikubaaqudgha
Okawaru
Qazlal
Ru
Trog
Yredelemnul

Shops:
D:4 **

Annotations:
D:5 2 transporters


Innate Abilities, Weirdness & Mutations

You are a tree.
Your roots penetrate the ground, keeping you stationary.
You cannot be teleported.
You are immune to unholy pain and torment.
Your maximum health is greatly increased.
Your equipment is partially melded.
((You have a pair of horns on your head.))
((You reflexively headbutt those who attack you in melee.))


Message History

You hit the orc warrior.
The orc warrior hits you with a +0 battleaxe.
* * * LOW HITPOINT WARNING * * *
The water moccasin bites you but does no damage.
Unknown command.
You miss the water moccasin.
The water moccasin is severely wounded.
You hit the orc warrior but do no damage.
The water moccasin bites you but does no damage.
The orc warrior barely misses you.
The water moccasin bites you but does no damage.
Unknown command.
You slash the water moccasin!
You kill the water moccasin!
Okawaru accepts your kill.
You hit the orc warrior but do no damage.
The orc warrior hits you but does no damage.
Your Stealth skill increases to level 1!
Unknown command.
You hit the orc warrior but do no damage.
The orc warrior is moderately wounded.
The orc warrior hits you with a +0 battleaxe.
* * * LOW HITPOINT WARNING * * *
Unknown command.
You slash the orc warrior!
The orc warrior is heavily wounded.
The orc warrior hits you with a +0 battleaxe!
* * * LOW HITPOINT WARNING * * *
Unknown command.
You feel better.
The orc warrior hits you with a +0 battleaxe!
* * * LOW HITPOINT WARNING * * *
You gain the combat prowess of a mighty hero.
The orc warrior hits you with a +0 battleaxe.
* * * LOW HITPOINT WARNING * * *
Unknown command.
You closely miss the orc warrior.
The orc warrior is heavily wounded.
The orc warrior hits you with a +0 battleaxe!
You die...

.....#
.(...#
.....#
.....#
.....+
.....#
######†....#
#>...♣o#
#....).#
#....).#
#......#
#......#
#......#
#.....##
#.....#
##+##.....+


You could see an orc warrior.

Vanquished Creatures
  Grinder (D:3)
  A water moccasin (D:6)
  An ogre (D:4)
  A phantom (D:5)
  A kobold brigand (D:5)
  2 bombardier beetles
  2 hounds
  A jelly (D:4)
  4 iguanas
  6 adders
  A dart slug (D:1)
  3 ribbon worms
  6 orcs
  7 ball pythons
  5 bats
  10 endoplasms
  3 giant cockroaches
  6 goblins
  5 hobgoblins
  2 jackals (D:5)
  11 kobolds
  3 quokkas
  3 frilled lizards
  6 rats
91 creatures vanquished.

Notes
Turn   | Place    | Note
-------+----------+-------------------------------------------
     0 | D:1      | zenocrate the Minotaur Gladiator began the quest for the
                  | Orb.
     0 | D:1      | Reached XP level 1. HP: 18/18 MP: 0/0
    51 | D:1      | Reached skill level 4 in Axes
   100 | D:1      | Reached XP level 2. HP: 24/25 MP: 1/1
   285 | D:1      | Found a faded altar of an unknown god.
   353 | D:1      | Reached skill level 5 in Axes
   379 | D:1      | Prayed at the altar of an unknown god.
   379 | D:1      | Became a worshipper of Warmaster Okawaru
   379 | D:1      | Reached * piety under Okawaru
   726 | D:2      | Reached XP level 3. HP: 30/30 MP: 2/2
  1351 | D:3      | Reached skill level 6 in Axes
  1351 | D:3      | Reached XP level 4. HP: 7/37 MP: 3/3
  1776 | D:3      | Found a bloodstained altar of Trog.
  1804 | D:3      | Noticed Grinder
  1817 | D:3      | Killed Grinder
  1817 | D:3      | Reached ** piety under Okawaru
  1818 | D:3      | Reached skill level 7 in Axes
  1818 | D:3      | Reached XP level 5. HP: 35/42 MP: 3/6
  1818 | D:3      | Reached XP level 6. HP: 42/50 MP: 3/7
  1894 | D:3      | Found an ancient bone altar of Kikubaaqudgha.
  2230 | D:4      | Found a stormy altar of Qazlal.
  2263 | D:4      | Found Bouwofim's Lightly-Used Armoury.
  2356 | D:4      | Found Qeirumm's Neck Hole.
  2725 | D:4      | Reached skill level 8 in Axes
  2725 | D:4      | Reached XP level 7. HP: 57/57 MP: 8/8
  2796 | D:4      | Found a sacrificial altar of Ru.
  2797 | D:4      | Found a basalt altar of Yredelemnul.
  3012 | D:5      | Entered Level 5 of the Dungeon
  3109 | D:5      | Reached *** piety under Okawaru
  3119 | D:5      | Found a transporter.
  3219 | D:5      | Found a transporter.
  3948 | D:5      | Reached skill level 9 in Axes
  4163 | D:6      | Reached skill level 1 in Stealth
  4166 | D:6      | HP: 2/85 [orc warrior/+0 battleaxe (6)]
  4167 | D:6      | Mangled by an orc warrior

Illustrated notes

Levels and vault maps discovered:
D:1:      psy_arrival_fountain, layout_basic, dreamdust_ecumenical_altar_grove
D:2:      kennysheep_six_static_rooms, layout_loops_cross
D:3:      layout_loops_ring, trog_book, kiku_gazebo_garden_becter,
          nicolae_elevator_lobby_plus, uniq_grinder
D:4:      layout_loops_ring, grunt_qazlal_sundering, minitemple,
          minmay_shop_damaged, nicolae_shop_sticking_my_neck_out
D:5:      gammafunk_cloud_chamber, layout_layer_cave, minivault_5,
          hangedman_decor_lopped
D:6:      layout_gridville, mainiacjoe_overflow_24_doors,
          kennysheep_opposing_triangles, uniq_edmund

Skill      XL: |  1  2  3  4  5  6  7 |
---------------+----------------------+-----
Axes           | 4 5 6 7 8 9 |  9.2
Invocations    | 2 3 |  3.0
Fighting       | 3 |  3.4
Throwing       | 3 |  3.9
Stealth        | 1 |  1.3
Dodging        | |  3.2

Action                     |  1- 3 |  4- 6 |  7- 9 || total
---------------------------+-------+-------+-------++-------
  Melee: War axe           |    69 |    54 |    52 ||   175
         Headbutt          |     6 |     7 |     9 ||    22
  Throw: Dart              |     1 |     1 |       ||     2
 Invoke: Heroism           |       |       |     1 ||     1
    Use: Scroll            |     4 |       |     1 ||     5
         Potion            |     1 |       |     4 ||     5
 Armour: Leather armour    |     7 |       |       ||     7
         Ring mail         |    34 |    31 |    40 ||   105
         Skin              |       |       |    19 ||    19
  Dodge: Dodged            |    43 |    28 |    25 ||    96
         Repelled          |     2 |       |     1 ||     3

Table legend: (Time is in decaauts)
 A = Elapsed time spent in this place.
 B = Non-inter-level travel time spent in this place.
 C = Inter-level travel time spent in this place.
 D = Time resting spent in this place.
 E = Time spent auto-exploring this place.
 F = Levels seen in this place.
 G = Mean time per level.
                   A        B        C        D        E       F      G
               +--------+--------+--------+--------+--------+-----+--------+
         Total |   4192 |   4071 |    121 |      0 |   3470 |   6 |  698.7 |
       Dungeon |   4192 |   4071 |    121 |      0 |   3470 |   6 |  698.7 |
               +--------+--------+--------+--------+--------+-----+--------+

Top non-repeatable levels by time:
     D:5: 1127 daAuts
     D:3: 909 daAuts
     D:4: 847 daAuts
     D:1: 724 daAuts
     D:2: 553 daAuts
     D:6: 30 daAuts
